 Dungeon Crawl Stone Soup version 0.30.1-5-ged363bc7ee (webtiles) character file.

Game seed: 3548188330642870920

151678 boopmooplesden the Tortoise (level 17, -8/160 HPs)
             Began as an Armataur Fighter on Sept 19, 2023.
             Was a High Priest of Trog.
             Mangled by a torpor snail (13 damage)
             ... on level 3 of the Spider Nest.
             The game lasted 00:59:49 (25317 turns).

boopmooplesden the Tortoise (Armataur Fighter)     Turns: 25317, Time: 00:59:50

Health: -8/160     AC: 36    Str: 29      XL:     17   Next: 1%
Magic:  0/15       EV:  3    Int: 12      God:    Trog [*****.]
Gold:   693        SH: 14    Dex: 11 (12) Spells: 16/16 levels left

rFire   . . .        X - +8 hand axe "Fasor" {flame, *Noise Fly Will+ Dex+3}
rCold   + + .        e - +1 kite shield {rC+}
rNeg    + + .        U - +0 crystal plate armour
rPois   +            a - +2 hat of the Bear Spirit {Spirit, Bear, *Rage Will++}
rElec   +            D - scarf "Ogrut" {+Inv, rElec Int+2}
rCorr   +            h - +0 pair of gloves
SInv    +            u - +4 barding of the Oily Alphagorgon {Stlth+}
Will    +++++        v - amulet of regeneration Stlth
                     l - ring "Digikloxt" {Fly rPois rC+ rN+ SInv}
HPRegen 1.26/turn    A - ring of Liberty {rElec rN+ Will+ rCorr SInv}
MPRegen 0.14/turn

%: random rage (20%), guardian spirit, roll
@: spiked, on berserk cooldown, flying, slowed, very slow
A: large, rugged brown scales 3, deformed body, armoured tail, roll, long
tongue, awkward tongue, low MP 1
a: Renounce Religion, Evoke Invisibility, Berserk, Trog's Hand, Brothers in Arms


You were on level 3 of the Spider Nest.
You worshipped Trog.
Trog was extremely pleased with you.
You visited 5 branches of the dungeon, and saw 27 of its levels.
You also visited: Sewer, Ossuary, Gauntlet, Ice Cave and Volcano.

You collected 3202 gold pieces.
You spent 2509 gold pieces at shops.

Inventory:

Hand Weapons
 i - the +9 trident "Arbiter" {distort, rF+ Str+2 Dex-3}
   (You bought it in a shop on level 2 of the Orcish Mines)

   Str:       It affects your strength (+2).
   Dex:       It affects your dexterity (-3).
   rF:        It protects you from fire.
 r - the +4 shortbow "Vinetas" {flame, rF+ Str+3}
   (You found it on level 9 of the Dungeon)

   Str:       It affects your strength (+3).
   rF:        It protects you from fire.
 s - the +1 hand axe "Sonwaomm" {elec, MP+9}
   (You bought it in a shop on level 2 of the Dungeon)

   MP:        It affects your magic capacity (+9).
 C - a +2 antimagic demon trident
 E - a +1 demon whip of venom
 W - a +0 vampiric broad axe
 X - the +8 hand axe "Fasor" (weapon) {flame, *Noise Fly Will+ Dex+3}
   (Trog gifted it to you on level 13 of the Dungeon)

   Dex:       It affects your dexterity (+3).
   Fly:       It grants you flight.
   *Noise:    It may make noises in combat.
   Will:      It increases your willpower.
 Z - a +1 demon blade of flaming
Missiles
 y - 9 boomerangs of dispersal (quivered)
 H - 3 throwing nets
Armour
 a - the +2 hat of the Bear Spirit (worn) {Spirit, Bear, *Rage Will++}
   (You bought it in a shop on level 2 of the Orcish Mines)

   Bear:      Going berserk makes the wearer exceptionally tough, and they are
   slowed for a shorter time afterward.
   *Rage:     It berserks you when you make melee attacks (+20% chance).
   Will:      It greatly increases your willpower.
 e - a +1 kite shield of cold resistance (worn)
 h - a +0 pair of gloves (worn)
 u - the +4 barding of the Oily Alphagorgon (worn) {Stlth+}
   (You acquired it on level 6 of the Dungeon)

   Stlth:     It makes you more stealthy.
 D - the scarf "Ogrut" (worn) {+Inv, rElec Int+2}
   (You found it in a Gauntlet)

   Int:       It affects your intelligence (+2).
   rElec:     It insulates you from electricity.
 J - the +0 plate armour of Sokogod {Dex+4}
   (You found it in a Gauntlet)

   Dex:       It affects your dexterity (+4).
 U - a +0 crystal plate armour (worn)
Jewellery
 d - a +5 ring of evasion
 l - the ring "Digikloxt" (left hand) {Fly rPois rC+ rN+ SInv}
   (You acquired it on level 4 of the Dungeon)

   [ring of positive energy]

   rC:        It protects you from cold.
   rPois:     It protects you from poison.
   rN:        It protects you from negative energy.
   SInv:      It lets you see invisible.
   Fly:       It grants you flight.
 m - a ring of protection from fire
 o - a ring of protection from cold
 p - a +6 ring of strength
 v - an amulet of regeneration (around neck)
 x - a +5 ring of evasion
 A - the ring of Liberty (right hand) {rElec rN+ Will+ rCorr SInv}
   (You took it off an orc priest on level 7 of the Dungeon)

   [ring of willpower]

   rElec:     It insulates you from electricity.
   rN:        It protects you from negative energy.
   SInv:      It lets you see invisible.
   rCorr:     It protects you from acid and corrosion.
   Will:      It increases your willpower.
 Q - an amulet of the acrobat
 R - the ring "Ybba" {rF- rN+ Str+5}
   (You took it off a minotaur in a Gauntlet)

   [ring of positive energy]

   Str:       It affects your strength (+5).
   rF:        It makes you vulnerable to fire.
   rN:        It protects you from negative energy.
Wands
 t - a wand of roots (12)
 z - a wand of charming (14)
 F - a wand of mindburst (13)
 K - a wand of polymorph (3)
 N - a wand of flame (30)
 V - a wand of digging (5)
Scrolls
 k - 6 scrolls of magic mapping
 G - a scroll of enchant weapon
 L - 4 scrolls of poison
 M - 6 scrolls of teleportation
 O - 6 scrolls of fog
 S - a scroll of fear
Potions
 b - a potion of resistance
 f - 6 potions of curing
 g - a potion of ambrosia
 j - 15 potions of flight
 n - 5 potions of invisibility
 q - 2 potions of cancellation
 w - 4 potions of might
 B - 3 potions of berserk rage
 I - 5 potions of haste
 Y - a potion of experience
Miscellaneous
 P - a condenser vane
 T - a lightning rod (4/4)


   Skills:
 + Level 13.5 Fighting
 + Level 16.1 Axes
 + Level 17.6 Armour
 + Level 3.3 Dodging
 + Level 3.2 Stealth
 + Level 15.4 Shields


You had 16 spell levels left.
You didn't know any spells.
Your spell library was empty.

Dungeon Overview and Level Annotations

Branches:
Dungeon (15/15)            Temple (1/1) D:4            Lair (5/5) D:8
  Swamp (0/4) Lair:3       Spider (4/4) Lair:3        Slime (0/5) Lair:5
    Orc (2/2) D:10            Elf (0/3) Orc:2        Vaults (0/5) D:13
 Depths (0/4) D:15          Sewer (visited)         Ossuary (visited)
  IceCv (visited)         Volcano (visited)         Gauntlet (visited)

Altars:
Ashenzari
Dithmenos
Elyvilon
Fedhas
Kikubaaqudgha
Makhleb
Nemelex Xobeh
Okawaru
Qazlal
Ru
Trog
Uskayaw
Vehumet
Wu Jian
Yredelemnul

Shops:
D:2 (*[(   D:6 (   D:11 [   D:13 (   Orc:2 ((:[??!

Annotations:
Lair:5 exclusion: oklob plant


Innate Abilities, Weirdness & Mutations

You are completely covered in rugged brown scales. (AC +3, +7% HP)
Armour fits poorly on your strangely shaped body.
You have a long armoured tail.
You roll when moving toward enemies. (Rampage)
Your long tongue fully drains potion bottles. (2x potion effects)
Your tongue gives you trouble enunciating. (1.5x scroll delay)
Your magical capacity is low. (-10% MP)


Message History

You block the demonic crawler's attack. The steelbarb worm hits you!
* * * LOW HITPOINT WARNING * * *
Barbed spikes become lodged in your body.
The wolf spider hits you but does no damage.
The wolf spider bites you but does no damage.
The demonic crawler hits you but does no damage. x3
The torpor snail bites you but does no damage.
You slash the demonic crawler! You burn the demonic crawler.
You tail-slap the demonic crawler.
The demonic crawler is heavily wounded.
You hit the steelbarb worm but do no damage.
You slash the wolf spider! You burn the wolf spider.
You hit the torpor snail but do no damage.
The steelbarb worm hits you but does no damage.
The wolf spider hits you.
* * * LOW HITPOINT WARNING * * *
You block the wolf spider's attack.
The demonic crawler hits you but does no damage.
You block the demonic crawler's attack.
The demonic crawler hits you but does no damage.
You hit the demonic crawler. You burn the demonic crawler.
The demonic crawler is heavily wounded.
You hit the torpor snail. You burn the torpor snail.
You hit the steelbarb worm but do no damage.
Your hand axe "Fasor" inquires about your family.
You hit the wolf spider. You burn the wolf spider.
You kill the wolf spider!
Trog accepts your kill.
You hit the emperor scorpion but do no damage.
Your hand axe "Fasor" swears noisily.
You hear a skittering sound.
You block the emperor scorpion's attack.
The emperor scorpion claws you but does no damage.
You block the emperor scorpion's attack.
The steelbarb worm hits you but does no damage.
The demonic crawler hits you.
* * * LOW HITPOINT WARNING * * *
The demonic crawler hits you but does no damage. x2
The torpor snail bites you!
You die...

### ### ####.# #.###..<.# ..#
###.#..#..#####^..
#......##^....^.^#
##....s.....#^..^#
#....@w..##^.#.##
##...^wsy.......#
##<....#.....#..##
#..#^...........#
#.###.......<...#### #
####.^###......#..^#..# .. ##
#..####.#......#.w....#...
#^##..#####......#......^.#.#
#.^#..##............#......#


You could see an emperor scorpion, 2 steelbarb worms, a spark wasp, a torpor
snail and a demonic crawler.

Vanquished Creatures
  4 emperor scorpions
  3 ghost moths (Spider:4)
  An orc warlord (Orc:1)
  2 broodmothers (Spider:4)
  A minotaur (Gauntlet)
  A white draconian (IceCv)
  Azrael (Spider:2)
  2 dire elephants
  Snorg (D:11)
  The ghost of Buceliov the Covert, a journeyman DsDe of Gozag (Lair:3)
  4 entropy weavers
  Harold (Orc:1)
  Erolcha (D:10)
  2 ogre magi (D:15)
  2 hydras
  7 boulder beetles
  2 radroaches
  Erica (Lair:2)
  A catoblepas (Lair:5)
  7 centaur warriors
  8 death yaks
  A deep troll shaman (Lair:5)
  7 two-headed ogres
  2 tengu warriors
  3 orc high priests (Orc:2)
  The ghost of bairyn the Ruffian, a novice TrFi (D:8)
  Nergalle (Lair:2)
  A hell knight (Volcano)
  Amaemon (D:8)
  A sixfirhy (Gauntlet)
  5 skeletal warriors (D:15)
  A skyshark (Lair:4)
  9 pharaoh ants
  A sun moth (Spider:4)
  9 orb spiders
  2 lindwurms
  Pikel (D:5)
  4 steelbarb worms
  5 orc knights
  11 orc sorcerers
  14 wolf spiders
  An oklob plant (Lair:4)
  A cyclops (D:14)
  7 manticores
  12 ugly things
  8 elephants
  A salamander (D:15)
  2 moths of wrath
  3 black mambas
  2 molten gargoyles (Volcano)
  2 ice statues (IceCv)
  4 torpor snails
  8 demonic crawlers
  A gargoyle (D:12)
  A cane toad (shapeshifter) (D:13)
  An orange demon (D:8)
  13 cane toads
  An unseen horror (D:12)
  3 freezing wraiths
  3 yaktaurs
  14 rime drakes
  An efreet (D:15)
  A tengu conjurer (D:14)
  7 komodo dragons
  4 polar bears
  7 trolls
  15 tarantellas
  16 blink frogs
  6 slime creatures (D:13)
  6 spriggans (Lair:1)
  20 jumping spiders
  A shadow (D:13)
  14 culicivoras
  2 wraiths
  9 wyverns
  2 vampires
  16 humans (D:13)
  10 basilisks
  2 fire bats (Volcano)
  39 yaks
  4 fire elementals
  43 redbacks
  9 vampire mosquitoes
  A warg (Orc:1)
  3 swamp worms (Lair:3)
  15 water moccasins
  A two-headed ogre zombie (D:10)
  An acid dragon (D:10)
  2 hell hounds (Spider:2)
  2 ice beasts
  2 sky beasts (D:8)
  24 orc warriors
  2 black bears
  22 wolves
  8 ogres
  4 centaurs
  5 kobold brigands (D:7)
  4 phantoms
  13 bullfrogs
  6 scorpions
  A wight (D:7)
  2 troll zombies (D:10)
  6 killer bees (D:8)
  2 lindwurm simulacra (IceCv)
  5 howler monkeys
  3 electric eels
  7 lava snakes
  2 centaur zombies (Ossuary)
  3 komodo dragon simulacra (IceCv)
  18 orc priests
  2 hounds
  6 jellies
  4 gnoll boudas
  6 human zombies (Ossuary)
  A sleepcap (D:6)
  3 iguanas
  25 orc wizards
  5 hell rats (Lair:4)
  5 ogre zombies (D:10)
  2 hound zombies (Ossuary)
  3 mummies (Ossuary)
  10 gnolls
  10 acid dragon simulacra (IceCv)
  15 adders
  5 river rats (Sewer)
  A shadow imp (D:7)
  4 ufetubi
  6 steam dragon simulacra (IceCv)
  An adder skeleton (D:2)
  2 adder zombies (Ossuary)
  4 worms
  2 dart slugs
  48 orcs
  14 bats
  7 endoplasms
  9 giant cockroaches
  4 goblins
  3 hobgoblins
  8 jackals
  16 kobolds
  5 quokkas
  8 ball pythons
  2 ball python skeletons (D:2)
  8 frilled lizards
  A giant cockroach zombie (D:2)
  2 goblin skeletons (D:10)
  9 goblin zombies
  3 hobgoblin skeletons (D:10)
  4 hobgoblin zombies (Ossuary)
  5 jackal zombies
  3 kobold zombies (Ossuary)
  2 orc skeletons (D:10)
  14 orc zombies
  A quokka skeleton (D:2)
  6 quokka zombies (Ossuary)
  5 rats
  2 rat zombies (Ossuary)
930 creatures vanquished.

Vanquished Creatures (collateral kills)
  An emperor scorpion (Spider:4)
  An orb spider (Spider:4)
  A moth of wrath (Spider:4)
  A tarantella (Spider:4)
  A culicivora (Spider:4)
5 creatures vanquished.

Grand Total: 935 creatures vanquished

Notes
Turn   | Place    | Note
-------+----------+-------------------------------------------
     0 | D:1      | boopmooplesden the Armataur Fighter began the quest for the
                  | Orb.
     0 | D:1      | Reached XP level 1. HP: 19/19 MP: 1/1
   117 | D:1      | Reached XP level 2. HP: 26/26 MP: 2/2
   569 | D:2      | Reached skill level 4 in Armour
   573 | D:2      | Reached XP level 3. HP: 22/32 MP: 3/3
   607 | D:2      | Reached XP level 4. HP: 16/40 MP: 4/4
   742 | D:2      | Found a stormy altar of Qazlal.
   883 | D:2      | Found Acleaxt's Antique Weapon Shoppe.
  1093 | D:2      | Found Zomelos's General Store.
  1170 | D:2      | Found Weshurche's Armour Shop.
  1234 | D:2      | Found Tefiemis's Antique Weapon Shop.
  1277 | D:3      | Reached skill level 1 in Dodging
  1277 | D:3      | Reached XP level 5. HP: 43/48 MP: 5/5
  1296 | D:3      | Found a shadowy altar of Dithmenos.
  1873 | D:3      | Found a sacrificial altar of Ru.
  2303 | D:4      | Reached XP level 6. HP: 40/54 MP: 6/6
  2400 | D:4      | Found a staircase to the Ecumenical Temple.
  2417 | D:4      | Reached skill level 5 in Armour
  2438 | Temple   | Entered the Ecumenical Temple
  2445 | Temple   | Became a worshipper of Trog the Wrathful
  2496 | D:4      | Reached XP level 7. HP: 24/60 MP: 7/7
  3507 | D:4      | Identified a scroll of acquirement
  3507 | D:4      | Acquired the ring "Digikloxt" {Fly rPois rC+ rN+ SInv}
  3535 | D:5      | Entered Level 5 of the Dungeon
  3629 | D:5      | Noticed Pikel
  3650 | D:5      | Killed Pikel
  3651 | D:5      | Reached skill level 5 in Axes
  3651 | D:5      | Reached skill level 6 in Armour
  3651 | D:5      | Reached XP level 8. HP: 44/70 MP: 8/8
  3876 | D:5      | Reached skill level 7 in Armour
  4116 | D:5      | Found a glowing drain.
  4136 | Sewer    | Entered a sewer
  4358 | Sewer    | Reached * piety under Trog
  4945 | D:2      | Bought an ancient hand axe for 224 gold pieces
  4945 | D:2      | Identified the +1 hand axe "Sonwaomm" {elec, MP+9} (You
                  | bought it in a shop on level 2 of the Dungeon)
  5048 | D:6      | Reached skill level 8 in Armour
  5122 | D:6      | Reached ** piety under Trog
  5242 | D:6      | Found a sand-covered staircase.
  5247 | Ossuary  | Entered an ossuary
  5396 | Ossuary  | Reached XP level 9. HP: 77/77 MP: 9/9
  5534 | Ossuary  | Reached *** piety under Trog
  5641 | D:6      | Found Ocekhluj's Antique Weapon Boutique.
  6107 | D:6      | Acquired the +4 barding of the Oily Alphagorgon {Stlth+}
  6467 | D:7      | Reached skill level 5 in Shields
  6494 | D:7      | Reached skill level 9 in Armour
  6504 | D:7      | Reached skill level 5 in Fighting
  6504 | D:7      | Noticed a manticore
  6508 | D:7      | Noticed a red ugly thing
  6510 | D:7      | Noticed a tengu warrior
  6520 | D:7      | Killed a red ugly thing
  6524 | D:7      | Identified the ring of Liberty {rElec rN+ Will+ rCorr SInv}
  6527 | D:7      | Killed a manticore
  6583 | D:7      | Killed a tengu warrior
  6584 | D:7      | Reached XP level 10. HP: 57/88 MP: 10/10
  6641 | D:7      | Reached **** piety under Trog
  7554 | D:8      | Reached skill level 10 in Armour
  7922 | D:8      | Reached skill level 1 in Stealth
  8176 | D:8      | Found a staircase to the Lair.
  8327 | D:8      | Found a runed translucent door.
  8372 | D:8      | Noticed Amaemon
  8388 | D:8      | Killed Amaemon
  8391 | D:8      | Noticed an orange demon
  8405 | D:8      | Killed an orange demon
  8910 | D:8      | Noticed bairyn's ghost (novice TrFi)
  8925 | D:8      | Killed bairyn's ghost
  8926 | D:8      | Reached XP level 11. HP: 90/98 MP: 11/11
  9046 | Lair:1   | Entered Level 1 of the Lair of Beasts
  9085 | Lair:1   | Reached skill level 11 in Armour
  9413 | Lair:1   | Identified the +0 robe "Ysoyfilo" {+Blink Regen+ Dex-5}
  9414 | Lair:1   | Noticed a death yak
  9416 | Lair:1   | Noticed a death yak
  9417 | Lair:1   | Noticed a death yak
  9417 | Lair:1   | Noticed a death yak
  9439 | Lair:1   | Killed a death yak
  9446 | Lair:1   | Killed a death yak
  9454 | Lair:1   | Killed a death yak
  9454 | Lair:1   | Killed a death yak
  9455 | Lair:1   | Reached skill level 10 in Axes
  9455 | Lair:1   | Reached skill level 12 in Armour
 10232 | Lair:2   | Noticed Erica
 10246 | Lair:2   | Killed Erica
 10285 | Lair:2   | Reached ***** piety under Trog
 10286 | Lair:2   | Reached XP level 12. HP: 103/108 MP: 12/12
 10460 | Lair:2   | Noticed Nergalle
 10479 | Lair:2   | Killed Nergalle
 10782 | Lair:2   | Received a gift from Trog
 11681 | Lair:3   | Found a hole to the Spider Nest.
 11783 | Lair:3   | Reached skill level 13 in Armour
 11822 | Lair:3   | Found a runed translucent door.
 11822 | Lair:3   | Noticed Buceliov's ghost (journeyman DsDe)
 12052 | Lair:3   | Found a staircase to the Swamp.
 12250 | Lair:3   | Killed Buceliov's ghost
 12511 | Lair:4   | Found a dark tunnel.
 12520 | Volcano  | Entered a volcano
 12731 | Volcano  | Found a burning altar of Makhleb.
 12731 | Volcano  | Noticed a centaur warrior
 12740 | Volcano  | Killed a centaur warrior
 12936 | Volcano  | Reached XP level 13. HP: 118/118 MP: 13/13
 13235 | Lair:4   | Reached skill level 10 in Shields
 13517 | Lair:5   | Entered Level 5 of the Lair of Beasts
 13668 | Lair:5   | Found a staircase to the Slime Pits.
 13727 | Lair:5   | Reached skill level 14 in Armour
 13862 | Lair:5   | Reached skill level 10 in Fighting
 14045 | Lair:5   | Received a gift from Trog
 14196 | Lair:5   | Reached XP level 14. HP: 113/129 MP: 14/14
 14530 | Lair:5   | Found a blossoming altar of Fedhas.
 15256 | D:9      | Identified the +4 shortbow "Vinetas" {flame, rF+ Str+3}
 16092 | D:10     | Entered Level 10 of the Dungeon
 16171 | D:10     | Found a staircase to the Orcish Mines.
 16231 | D:10     | Received a gift from Trog
 16300 | D:10     | Noticed Erolcha
 16305 | D:10     | Killed Erolcha
 16425 | D:10     | Found a radiant altar of Vehumet.
 16946 | D:11     | Found a gate leading to a gauntlet.
 16953 | Gauntlet | Entered a Gauntlet
 16953 | Gauntlet | Found a transporter.
 16953 | Gauntlet | Found a transporter.
 16964 | Gauntlet | Found a transporter.
 16979 | Gauntlet | Found a transporter.
 16988 | Gauntlet | Identified the +0 pair of boots "Jox Ydgh" {Fly rF+ Str+2
                  | Dex-5}
 16999 | Gauntlet | Found a transporter.
 17001 | Gauntlet | Found a transporter.
 17031 | Gauntlet | Identified the scarf "Ogrut" {+Inv, rElec Int+2}
 17033 | Gauntlet | Identified the +0 plate armour of Sokogod {Dex+4}
 17075 | Gauntlet | Found a transporter.
 17174 | Gauntlet | Found a transporter.
 17281 | Gauntlet | Identified the ring "Ybba" {rF- rN+ Str+5}
 17409 | D:11     | Found Issot's Armour Boutique.
 17423 | D:11     | Bought a +0 crystal plate armour for 1120 gold pieces
 17481 | D:11     | Noticed Snorg
 17493 | D:11     | Killed Snorg
 17575 | D:11     | Found a burning altar of Makhleb.
 17954 | D:12     | Reached skill level 15 in Armour
 18033 | D:12     | Found a frozen archway.
 18039 | IceCv    | Entered an ice cave
 18689 | D:12     | You are sucked into a shaft and drop 1 floor!
 18874 | D:13     | Found Uhutro's Weapon Shop.
 18882 | D:13     | Bought a +0 broad axe for 56 gold pieces
 18991 | D:13     | Found a gate to the Vaults.
 19212 | D:13     | Identified the +8 hand axe "Fasor" {flame, *Noise Fly Will+
                  | Dex+3} (Trog gifted it to you on level 13 of the Dungeon)
 19212 | D:13     | Received a gift from Trog
 19878 | D:14     | Reached skill level 15 in Axes
 19882 | D:14     | Reached XP level 15. HP: 116/139 MP: 15/15
 20279 | D:15     | Entered Level 15 of the Dungeon
 20804 | D:15     | Identified the +6 flail of Iraoh {freeze, SInv}
 20874 | D:15     | Found a staircase to the Depths.
 20956 | D:15     | Found an iron altar of Okawaru.
 21491 | Orc:1    | Entered Level 1 of the Orcish Mines
 21508 | Orc:1    | Reached skill level 16 in Armour
 21530 | Orc:1    | Noticed Harold
 21542 | Orc:1    | Killed Harold
 21606 | Orc:1    | Received a gift from Trog
 21733 | Orc:2    | Entered Level 2 of the Orcish Mines
 21819 | Orc:2    | Found a staircase to the Elven Halls.
 21921 | Orc:2    | Found Istrukh's Magic Scroll Shop.
 21955 | Orc:2    | Found Mupaluepri's Distillery.
 21962 | Orc:2    | Gained mutation: Your magical capacity is low. (-10% MP) [a
                  | neqoxec]
 22248 | Orc:2    | Found Aqeanil's Antique Armour Emporium.
 22254 | Orc:2    | Bought the +2 hat of the Bear Spirit {Spirit, Bear, *Rage
                  | Will++} for 837 gold pieces
 22254 | Orc:2    | Found the +2 hat of the Bear Spirit {Spirit, Bear, *Rage
                  | Will++}
 22338 | Orc:2    | Found Lufif's Magic Scroll Shop.
 22341 | Orc:2    | Found Dauk's General Store.
 22388 | Orc:2    | Found Nozaos's Book Shoppe.
 22407 | Orc:2    | Found Pittiwk's Antique Weapon Emporium.
 22414 | Orc:2    | Found Ricainna's Antique Weapon Emporium.
 22460 | Orc:2    | Bought a smoking trident for 272 gold pieces
 22460 | Orc:2    | Identified the +9 trident "Arbiter" {distort, rF+ Str+2
                  | Dex-3} (You bought it in a shop on level 2 of the Orcish
                  | Mines)
 22780 | Spider:1 | Entered Level 1 of the Spider Nest
 22818 | Spider:1 | Reached ****** piety under Trog
 22855 | Spider:1 | Received a gift from Trog
 22991 | Spider:1 | Reached XP level 16. HP: 150/150 MP: 11/14
 23838 | Spider:2 | Noticed Azrael
 23840 | Spider:2 | Received a gift from Trog
 23857 | Spider:2 | Killed Azrael
 24249 | Spider:3 | Reached skill level 17 in Armour
 24379 | Spider:4 | Entered Level 4 of the Spider Nest
 24755 | Spider:4 | HP: 6/154 [pharaoh ant (7)]
 24757 | Spider:4 | HP: 1/154 [pharaoh ant (7)]
 24758 | Spider:4 | Reached skill level 15 in Shields
 24762 | Spider:4 | HP: 3/153 [pharaoh ant (23)]
 25288 | Spider:4 | Reached XP level 17. HP: 160/160 MP: 1/15
 25308 | Spider:3 | HP: 4/160 [demonic crawler[a torpor snail] (11)]
 25314 | Spider:3 | HP: 7/160 [demonic crawler[a torpor snail] (7)]
 25317 | Spider:3 | Mangled by a torpor snail

Illustrated notes

Levels and vault maps discovered:
D:1:      zelgadis_glass_arrival_small, layout_loops_ring
D:2:      layout_rooms, serial_undead, serial_undead_d, serial_undead_f,
          serial_undead_a, serial_undead_f, serial_shops, shop, shop, shop,
          shop, basic_altar, chequers_hall_statues_corner_a, st_stairs_1
D:3:      layout_basic, mainiacjoe_overflow_catwalk_spiral, minivault_14
D:4:      layout_loops_corners, minmay_temple_entry_ruins, roderic_roman_lattice
D:5:      layout_loops_corners, portal_sewer_entry_a,
          hangedman_abyss_or_decor_stagger, minmay_misc_feat_enclosed,
          chequers_serial_rivers_room_a, serial_bayou_pond_c, uniq_pikel,
          uniq_blork_the_orc, uniq_crazy_yiuf_cottage, uniq_menkaure
D:6:      layout_basic, enter_ossuary_2, serial_shops,
          nicolae_shop_tiny_waterfront, nicolae_concentric_dashed_squares_wild,
          kennysheep_opposing_triangles
D:7:      nzn_winding_woodlands_cross [nzn_winding_woodlands_5x15_zeroes,
          nzn_winding_woodlands_5x15_jagged,
          nzn_winding_woodlands_5x15_lazy_stream,
          nzn_winding_woodlands_5x15_parted,
          nzn_winding_woodlands_15x15_five_gardens], layout_loops_ring
D:8:      layout_basic, hellmonk_lair_entry_icy, ebering_ghost_reflecting_pool,
          columned_hall_lemuel, uniq_amaemon
D:9:      layout_cave_pods, nicolae_two_hexagons
D:10:     layout_irregular_city, lemuel_crystal_altar, zombieorc2_lemuel,
          uniq_erolcha
D:11:     layout_roguey, gauntlet_entry_generic, serial_shops, shop,
          bloody_makhleb, uniq_snorg
D:12:     layout_roguey, portal_ice_cave_entry_pillars_1, minivault_21
D:13:     layout_basic, david_vaults_3, serial_shops, shop,
          chequers_serial_rivers_large_a
D:14:     layout_rooms
D:15:     hangedman_depths_entry_try_elsewhere_first, layout_basic,
          okawaru_gym_becter
Temple:   compressed_dpeg_triangle_lava_temple
Lair:1:   layout_chaotic_city, wad_woods_01, lemuel_fruit_tree,
          grunt_megastairs_3
Lair:2:   layout_small_grid, uniq_erica, uniq_nergalle
Lair:3:   layout_cave_pods, nicolae_swamp_entry_splash_gauntlet,
          nicolae_spider_entry_orb_guardian, gammafunk_ghost_grave
Lair:4:   layout_loops_ring, special_room [special_room_mythical_zoo],
          nicolae_volcano_entry_vermiform
Lair:5:   grunt_lair_end_beastmaster, layout_gridlike,
          nicolae_slime_entry_field_trip, tgw_fedhas
Spider:1: layout_cave_pods, hangedman_spider_tarantella_strand
Spider:2: layout_spider_delve, uniq_azrael
Spider:3: layout_spider_delve
Spider:4: guppyfry_spider_rune, einodemon_crawler_minivault, uniq_aizul
Orc:1:    layout_caves, uniq_harold
Orc:2:    st_orc_elflike, layout_caves, serial_shops, shop,
          nicolae_shop_tiny_real_fake_doors, nicolae_shop_dealshenge,
          nicolae_shop_advertising_works [nicolae_subvault_shop_adworks]

Skill      XL: |  1  2  3  4  5  6  7  8  9 10 11 12 13 14 15 16 |
---------------+-------------------------------------------------+-----
Axes           | 2 3 4 5 6 8 9 10 12 13 15 16 | 16.1
Armour         | 4 5 6 8 9 10 12 13 14 15 16 17 | 17.6
Fighting       | 3 4 5 7 9 10 11 12 13 | 13.5
Dodging        | 1 2 3 |  3.3
Shields        | 4 6 7 8 9 10 11 13 15 | 15.4
Stealth        | 1 2 3 |  3.2

Action                     |  1- 3 |  4- 6 |  7- 9 | 10-12 | 13-15 | 16-18 || total
---------------------------+-------+-------+-------+-------+-------+-------++-------
  Melee: War axe           |    66 |   151 |   184 |   479 |   810 |       ||  1690
         Tailslap          |     8 |    17 |    59 |    95 |   228 |   126 ||   533
         Hand axe          |       |       |   275 |   230 |   545 |   576 ||  1626
         Broad axe         |       |       |       |       |    44 |       ||    44
 Invoke: Berserk           |       |       |     2 |    11 |    22 |     4 ||    39
         Trog's Hand       |       |       |     1 |     1 |     1 |     5 ||     8
         Brothers in Arms  |       |       |       |       |       |     3 ||     3
    Use: Potion            |     2 |     1 |     2 |     1 |     4 |     7 ||    17
         Scroll            |       |     1 |    18 |     7 |    11 |     3 ||    40
   Stab: Distracted        |       |       |       |     1 |     1 |     2 ||     4
         Petrified         |       |       |       |       |     5 |       ||     5
 Armour: Scale mail        |    44 |    87 |    24 |       |       |       ||   155
         Plate armour      |       |       |   345 |   534 |   874 |   184 ||  1937
         Crystal plate arm |       |       |       |       |       |   371 ||   371
  Dodge: Dodged            |    28 |    66 |   119 |   100 |   217 |    97 ||   627
  Block: Buckler           |    17 |    46 |   131 |   181 |       |       ||   375
         Kite shield       |       |       |       |    58 |   698 |   457 ||  1213
